 Dungeon Crawl Stone Soup version 0.30.1-4-g462c640d31 (webtiles) character file.

Game seed: 2650911453684615249

317 Wiggles the Chopper (level 6, 0/55 HPs)
             Began as a Minotaur Berserker on Sept 14, 2023.
             Was a Priest of Trog.
             Slain by an iguana (2 damage)
             ... on level 4 of the Dungeon.
             The game lasted 00:04:27 (3042 turns).

Wiggles the Chopper (Minotaur Berserker)            Turns: 3042, Time: 00:04:28

Health: 0/55       AC:  6    Str: 24    XL:     6   Next: 20%
Magic:  5/5        EV: 10    Int:  4    God:    Trog [***...]
Gold:   250        SH:  8    Dex: 15    Spells: 5/5 levels left

rFire   . . .        f - +0 war axe
rCold   . . .        i - +0 kite shield
rNeg    . . .        u - +0 scale mail
rPois   .            (helmet restricted)
rElec   .            o - scarf {repulsion}
rCorr   .            (no gloves)
SInv    .            (no boots)
Will    .....        (no amulet) Stlth
                     l - +6 ring of dexterity
HPRegen 0.29/turn    (no ring)
MPRegen 0.09/turn

%: repel missiles
@: lethally poisoned (0 -> -30), on berserk cooldown, slowed, very slow
A: horns 2, retaliatory headbutt
a: Renounce Religion, Berserk, Trog's Hand


You were on level 4 of the Dungeon.
You worshipped Trog.
Trog was most pleased with you.
You visited 1 branch of the dungeon, and saw 4 of its levels.

You collected 250 gold pieces.

Inventory:

Hand Weapons
 f - a +0 war axe (weapon)
Armour
 i - a +0 kite shield (worn)
 o - a scarf of repulsion (worn)
 u - a +0 scale mail (worn)
Jewellery
 l - a +6 ring of dexterity (left hand)
Scrolls
 b - 3 scrolls of fear {unknown}
 c - 3 scrolls of identify {unknown}
 d - 3 scrolls of teleportation {unknown}
 j - 2 scrolls of enchant weapon {unknown}
 n - a scroll of noise {unknown}
 s - a scroll of silence {unknown}
Potions
 a - a potion of curing
 e - 3 potions of berserk rage {unknown}
 g - a potion of heal wounds {unknown}
 h - a potion of flight {unknown}
 k - a potion of invisibility {unknown}
 m - a potion of cancellation {unknown}
 p - a potion of mutation {unknown}
 q - a potion of brilliance {unknown}
 r - a potion of might {unknown}
 t - a potion of attraction {unknown}


   Skills:
 + Level 4.9 Fighting
 + Level 6.5 Axes
 + Level 3.4 Armour
 + Level 3.0 Dodging
 + Level 0.3 Stealth
 + Level 1.7 Shields


You had 5 spell levels left.
You didn't know any spells.
Your spell library was empty.

Dungeon Overview and Level Annotations

Branches:
Dungeon (4/15)             Temple (0/1) D:4

Altars:

Shops:
D:2 (

Annotations:
D:4 Dowan, Duvessa


Innate Abilities, Weirdness & Mutations

You have a pair of horns on your head.
You reflexively headbutt those who attack you in melee.


Message History

Duvessa seems to speed up.
Items here: ! ) / [ †.
You feel a strong urge to attack something.
The iguana bites you but does no damage.
Found a dagger.
You are no longer berserk.
You are exhausted.
You feel yourself slow down. You block Duvessa's attack.
Dowan closely misses you.
You slash Dowan!
Dowan is severely wounded.
You completely miss Duvessa. You closely miss the iguana.
Duvessa says, "Where magic fails, the sword succeeds!"
Duvessa hits you with a +1 short sword of venom.
You are poisoned.
Duvessa hits you with a +1 short sword of venom!
You are more poisoned.
Dowan hits you with a +0 dagger. The iguana closely misses you.
Duvessa hits you with a +1 short sword of venom.
You are lethally poisoned!
You block the iguana's attack. You block Dowan's attack.
You closely miss Dowan.
Dowan is severely wounded.
You hit Duvessa. You barely miss the iguana.
You feel extremely sick.
You block Duvessa's attack. x2; The iguana barely misses you.
Dowan barely misses you. Duvessa barely misses you.
Dowan hits you but does no damage. You block the iguana's attack.
You closely miss Dowan. Your headbutt misses Dowan.
Dowan is severely wounded.
You barely miss Duvessa. You hit the iguana.
* * * LOW HITPOINT WARNING * * *
You feel extremely sick. Duvessa hits you but does no damage.
You are more poisoned.
Duvessa hits you with a +1 short sword of venom!
* * * LOW HITPOINT WARNING * * *
You are more poisoned.
Dowan drinks a potion.
Dowan is healed!
The iguana bites you.
You die...

###.....###.# #..
#........##.# #.. .#####
#........##.# #..
......##........'..# #..
.......#........##.###..
)......#........##...#..
.......#........##.#.#..
.......#e.......##.#....
......e@l)...#####...##+
..........)..# ###.##.
.............# #....
##...........# #####..
#............. #......
#.............. #....†.
#......##.......#......
#......##.......#......
#......


You could see Duvessa (fast), Dowan and an iguana.

Vanquished Creatures
  A jelly (D:4)
  Jessica (D:3)
  3 iguanas
  Ijyb (D:4)
  An orc wizard (D:4)
  4 adders
  2 dart slugs
  5 orcs (D:4)
  5 bats
  9 endoplasms
  A giant cockroach (D:4)
  6 goblins
  6 hobgoblins
  17 jackals
  2 kobolds
  2 quokkas
  7 ball pythons
  5 frilled lizards
  5 rats
83 creatures vanquished.

Notes
Turn   | Place    | Note
-------+----------+-------------------------------------------
     0 | D:1      | Wiggles the Minotaur Berserker began the quest for the Orb.
     0 | D:1      | Reached XP level 1. HP: 19/19 MP: 0/0
    24 | D:1      | Reached XP level 2. HP: 22/27 MP: 1/1
    25 | D:1      | Reached skill level 4 in Axes
   147 | D:1      | Reached XP level 3. HP: 21/33 MP: 2/2
   332 | D:1      | Reached ** piety under Trog
   684 | D:2      | Found Umotue's Weapon Shop.
   944 | D:2      | Reached XP level 4. HP: 36/41 MP: 3/3
  1019 | D:2      | Reached skill level 5 in Axes
  1957 | D:3      | Noticed Jessica
  1960 | D:3      | Killed Jessica
  1961 | D:3      | Reached XP level 5. HP: 47/47 MP: 4/4
  2012 | D:3      | Found a faded altar of an unknown god.
  2394 | D:4      | Reached skill level 6 in Axes
  2394 | D:4      | Reached skill level 1 in Shields
  2417 | D:4      | Reached *** piety under Trog
  2842 | D:4      | Found a staircase to the Ecumenical Temple.
  2961 | D:4      | Reached XP level 6. HP: 50/55 MP: 5/5
  3029 | D:4      | Noticed Ijyb
  3033 | D:4      | Noticed Dowan
  3033 | D:4      | Noticed Duvessa
  3036 | D:4      | Killed Ijyb
  3042 | D:4      | HP: 2/55 [Duvessa/+1 short sword of venom (8)]
  3042 | D:4      | Slain by an iguana

Illustrated notes

Levels and vault maps discovered:
D:1:      minmay_arrival_up_and_down, layout_rooms
D:2:      minmay_general_purpose_star, layout_loops_corners, serial_shops,
          nicolae_diamond_shop, glass_columns_a
D:3:      layout_basic, dreamdust_ecumenical_altar_hidden_monk_grotto,
          minivault_4, uniq_jessica
D:4:      layout_basic, temple_green, minmay_crossroads, uniq_ijyb,
          uniq_menkaure, uniq_robin, uniq_duvessa

Skill      XL: |  1  2  3  4  5 |
---------------+----------------+-----
Fighting       | 4 |  4.9
Axes           | 4 5 6 |  6.5
Armour         | 3 |  3.4
Shields        | 1 |  1.7
Dodging        | 3 |  3.0
Stealth        | |  0.3

Action                     |  1- 3 |  4- 6 || total
---------------------------+-------+-------++-------
  Melee: Hand axe          |    72 |    61 ||   133
         Headbutt          |     7 |     9 ||    16
         War axe           |       |    17 ||    17
 Invoke: Berserk           |     1 |     3 ||     4
   Stab: Sleeping          |       |     1 ||     1
 Armour: Animal skin       |    16 |       ||    16
         Leather armour    |     6 |    18 ||    24
         Scale mail        |       |    11 ||    11
  Dodge: Dodged            |    44 |    34 ||    78
  Block: Kite shield       |    10 |    39 ||    49
